 Dungeon Crawl Stone Soup version 0.29-a0-322-g68df515428 (webtiles) character file.

Game seed: 492683671562284459

65 Hubjo the Skirmisher (level 3, 0/32 HPs)
             Began as a Demonspawn Monk on Apr 5, 2022.
             Slain by Edmund
             ... wielding a +3 dire flail of protection
              (4 damage)
             ... on level 4 of the Dungeon on Apr 6, 2022.
             The game lasted 00:05:02 (2432 turns).

Hubjo the Skirmisher (Demonspawn Monk)              Turns: 2432, Time: 00:05:02

Health: 0/32       AC:  7    Str: 17    XL:     3   Next: 94%
Magic:  3/3        EV: 12    Int: 11    God:
Gold:   97         SH:  0    Dex: 17    Spells: 2/2 levels left

rFire   . . .      SeeInvis .   a - +0 short sword
rCold   . . .      Faith    .   (no shield)
rNeg    + . .      Spirit   .   k - +0 leather armour of a sewer {rN+ Str+6 Stlth+}
rPois   .          Reflect  .   (helmet restricted)
rElec   .          Harm     .   (no cloak)
rCorr   .          Rampage  .   (no gloves)
Will    .....                   (no boots)
Stlth   +++.......              (no amulet)
HPRegen 0.10/turn               e - +4 ring of protection
MPRegen 0.08/turn               (no ring)

@: no status effects
A: antennae 1, demonic magic 1
a: no special abilities


You were on level 4 of the Dungeon.
You visited 1 branch of the dungeon, and saw 4 of its levels.

You collected 97 gold pieces.

Inventory:

Hand Weapons
 a - a +0 short sword (weapon)
Armour
 b - a +0 robe
 k - the +0 leather armour of a sewer (worn) {rN+ Str+6 Stlth+}
   (You found it on level 2 of the Dungeon)

   Str:       It affects your strength (+6).
   rN:        It protects you from negative energy.
   Stlth:     It makes you more stealthy.
Jewellery
 e - a +4 ring of protection (left hand)
Scrolls
 h - a scroll of fear {unknown}
 j - a scroll of enchant armour {unknown}
 l - a scroll of holy word {unknown}
 m - a scroll of amnesia {unknown}
Potions
 d - 3 potions of curing {unknown}
 f - a potion of lignification {unknown}
 g - 2 potions of haste {unknown}
 i - a potion of experience {unknown}


   Skills:
 + Level 4.9 Fighting
 - Level 2.6 Short Blades
 - Level 2.6 Dodging
 - Level 1.7 Stealth


You had 2 spell levels left.
You didn't know any spells.
Your spell library contained the following spells:

 Spells                   Type           Power      Damage    Failure   Level
 Blink                    Tloc           0%         N/A       54%         2
 Manifold Assault         Tloc           0%         N/A       100%        5
 Storm Form               Tmut/Air       0%         N/A       100%        7


Dungeon Overview and Level Annotations

Branches:
Dungeon (3/15)

Altars:
Dithmenos

Annotations:
D:3 Grinder
D:4 Edmund


Innate Abilities, Weirdness & Mutations

You have a pair of small antennae on your head.
Spells you cast may paralyse adjacent enemies.


Message History

You see here an orange potion.
You hit Edmund but do no damage.
Edmund is lightly wounded.
Edmund barely misses you.
You barely miss Edmund.
Edmund is lightly wounded.
Edmund hits you with a +3 dire flail of protection.
You barely miss Edmund.
Edmund is lightly wounded.
Edmund closely misses you.
You hit Edmund.
Edmund is lightly wounded.
Edmund misses you.
You barely miss Edmund.
Edmund is lightly wounded.
Edmund hits you with a +3 dire flail of protection.
You hit Edmund but do no damage.
Edmund is lightly wounded.
Edmund barely misses you.
You hit Edmund but do no damage.
Edmund is lightly wounded.
Edmund hits you with a +3 dire flail of protection.
You closely miss Edmund.
Edmund is lightly wounded.
Edmund closely misses you.
You barely miss Edmund.
Edmund is lightly wounded.
Edmund hits you with a +3 dire flail of protection.
You hit Edmund but do no damage.
Edmund is lightly wounded.
Edmund hits you with a +3 dire flail of protection.
* * * LOW HITPOINT WARNING * * *
You hit Edmund.
Edmund is lightly wounded.
Edmund hits you with a +3 dire flail of protection.
* * * LOW HITPOINT WARNING * * *
You hit Edmund.
Edmund is lightly wounded.
Edmund hits you with a +3 dire flail of protection.
You die...

................#
................#
........†......##
..............##
..............##
............#.[##
...........###..#
..........##
#..## #........##
##@@# ..########
###..# .#
##..#..#
##..##...#
#...##...#
#...####...#
....... .....
.......... ......
.##########
#.....


You could see Edmund.

Vanquished Creatures
  An adder (D:2)
  2 worms (D:2)
  A dart slug (D:1)
  An orc (D:2)
  2 endoplasms (D:1)
  2 giant cockroaches
  4 goblins
  7 hobgoblins
  2 jackals (D:2)
  2 kobolds
  2 quokkas
  2 ball pythons (D:1)
  6 bats
  3 frilled lizards
  7 rats
44 creatures vanquished.

Notes
Turn   | Place    | Note
-------+----------+-------------------------------------------
     0 | D:1      | Hubjo the Demonspawn Monk began the quest for the Orb.
     0 | D:1      | Reached XP level 1. HP: 18/18 MP: 1/1
     3 | D:1      | Noticed an electric eel
     4 | D:1      | Noticed an electric eel
   307 | D:1      | Gained mutation: You have a pair of small antennae on your
                  | head. [demonic ancestry]
   307 | D:1      | Reached XP level 2. HP: 19/24 MP: 2/2
   792 | D:1      | Reached skill level 4 in Fighting
  1656 | D:2      | Gained mutation: Spells you cast may paralyse adjacent
                  | enemies. [demonic ancestry]
  1656 | D:2      | Reached XP level 3. HP: 23/30 MP: 3/3
  1766 | D:2      | Identified the +0 leather armour of a sewer {rN+ Str+6
                  | Stlth+}
  2199 | D:2      | Found a shadowy altar of Dithmenos.
  2352 | D:3      | Noticed Grinder
  2371 | D:2      | You fall into a shaft and drop 2 floors!
  2382 | D:4      | Found the +2 ratskin cloak {*Rats rPois rN+ Str-1 Int-1
                  | Dex+1}
  2402 | D:4      | Noticed Edmund
  2411 | D:4      | HP: 1/32 [Edmund/+3 dire flail of protection (10)]
  2432 | D:4      | Slain by Edmund

Illustrated notes

Levels and vault maps discovered:
D:1:      arrival_aquarium_b, layout_loops_corners
D:2:      layout_rooms, basic_altar
D:3:      minmay_roachtagon, layout_basic, nicolae_vehumet_altar_sigil,
          shapermc_ecumenical_altar_acropolis, grunt_ministairs_1, uniq_robin,
          uniq_grinder, uniq_ijyb
D:4:      layout_cave_pods, mainiacjoe_overflow_surrounded_room,
          minmay_temple_entry_overgrown, serial_shops, nicolae_lakefront_shop,
          nicolae_shop_statue_plus, uniq_blork_the_orc, uniq_edmund,
          uniq_sigmund, uniq_natasha

Skill      XL: |  1  2 |
---------------+-------+-----
Fighting       | 4 |  4.9
Short Blades   | |  2.6
Dodging        | |  2.6
Stealth        | |  1.7

Action                   || total
-------------------------++-------
Melee: Short sword       ||   202
       Punch             ||     3
  Use: Potion            ||     1
 Stab: Sleeping          ||     5
Armor: Robe              ||    31
       Leather armour    ||    26
Dodge: Dodged            ||   143

Table legend: (Time is in decaauts)
 A = Elapsed time spent in this place.
 B = Non-inter-level travel time spent in this place.
 C = Inter-level travel time spent in this place.
 D = Time resting spent in this place.
 E = Time spent auto-exploring this place.
 F = Levels seen in this place.
 G = Mean time per level.
                   A        B        C        D        E       F      G
               +--------+--------+--------+--------+--------+-----+--------+
         Total |   2424 |   2340 |     84 |      0 |   1807 |   4 |  606.0 |
       Dungeon |   2424 |   2340 |     84 |      0 |   1807 |   4 |  606.0 |
               +--------+--------+--------+--------+--------+-----+--------+

Top non-repeatable levels by time:
     D:1: 1637 daAuts
     D:2: 725 daAuts
     D:4: 60 daAuts
     D:3: 1 daAuts
